 Dungeon Crawl Stone Soup version 0.32-a0-872-g59262bdc9b (webtiles) character file.

Game seed: 3920139982851260226

209 jasper the Trooper (level 5, -5/47 HPs)
             Began as a Mountain Dwarf Brigand on Mar 30, 2024.
             Was a Believer of Wu Jian.
             Slain by a lemure (7 damage)
             ... led by Pikel
             ... on level 4 of the Dungeon.
             The game lasted 00:03:34 (2727 turns).

jasper the Trooper (Mountain Dwarf Brigand)         Turns: 2727, Time: 00:03:35

Health: -5/47      AC:  9    Str: 15    XL:     5   Next: 55%
Magic:  5/5        EV:  8    Int: 12    God:    Wu Jian [**....]
Gold:   200        SH:  5    Dex: 11    Spells: 4/4 levels left

rFire   . . .        a - +2 dagger (protect)
rCold   . . .        (no shield)
rNeg    . . .        r - +0 scale mail
rPois   .            (no helmet)
rElec   .            c - +0 cloak
rCorr   .            q - +1 pair of gloves
SInv    .            (no boots)
Will    .....        l - amulet of reflection
Stlth   +            (no ring)
HPRegen 0.27/turn    (no ring)
MPRegen 0.09/turn

%: reflection
@: no status effects
A: runic magic, artefact enchanting
a: Renounce Religion, Wall Jump


You were on level 4 of the Dungeon.
You worshipped Wu Jian.
Wu Jian was pleased with you.
You visited 1 branch of the dungeon, and saw 6 of its levels.

You collected 200 gold pieces.

Inventory:

Hand Weapons
 a - a +2 dagger of protection (weapon)
Missiles
 d - 6 poisoned darts (quivered)
 e - a curare-tipped dart
 g - 33 stones
Armour
 b - a +0 robe
 c - a +0 cloak (worn)
 i - a +0 leather armour
 m - a +0 pair of gloves
 q - a +1 pair of gloves (worn)
 r - a +0 scale mail (worn)
Jewellery
 k - an amulet of the acrobat
 l - an amulet of reflection (around neck)
 u - a ring of wizardry
Potions
 f - a potion of ambrosia
 j - a potion of cancellation
 n - a potion of curing
 o - a potion of magic
 p - a potion of heal wounds
 s - a potion of mutation
 t - a potion of resistance


   Skills:
 + Level 4.3 Fighting
 - Level 1.5 Short Blades
 - Level 1.5 Throwing
 - Level 2.0 Armour
 - Level 0.6 Dodging
 - Level 2.9 Stealth
 * Level 3.5 Unarmed Combat


You had 4 spell levels left.
You didn't know any spells.
Your spell library contained the following spells:

 Spells                   Type           Power      Damage    Failure   Level
 Summon Small Mammal      Summ           0%         N/A       43%         1
 Call Canine Familiar     Summ           0%         N/A       80%         3
 Summon Blazeheart Golem  Fire/Summ      0%         N/A       99%         4


Dungeon Overview and Level Annotations

Branches:
Dungeon (6/15)
 Temple: D:4-7

Altars:
Gozag
Wu Jian

Annotations:
D:4 Grinder, Pikel


Innate Abilities, Weirdness & Mutations

Your spellcasting is much less encumbered by armour.
You can use scrolls of enchantment on lesser artefacts.


Message History

Grinder blinks!
You block the lemure's attack.
You closely miss the lemure.
The lemure is lightly wounded.
The orc shouts!
You hear a shout! x2
The lemure hits you but does no damage.
You completely miss the lemure.
The lemure is lightly wounded.
The orc priest invokes the aid of Beogh against you.
Beogh smites you! The lemure hits you.
You take 18 damage, and have 19/47 hp.
MASSIVE DAMAGE!!
You hit the lemure.
The lemure is lightly wounded.
The orc priest invokes the aid of Beogh against you.
Beogh smites you!
* * * LOW HITPOINT WARNING * * *
The lemure barely misses you.
You take 8 damage, and have 11/47 hp.
You feel much better. The lemure barely misses you.
You regained 24 hp, and now have 35/47 hp.
You aren't carrying any scrolls.
A lemure comes into view.
The orc priest looks satisfied for a moment.
The lemure attacks as it pursues you! The lemure hits you but does no damage.
The orc priest looks braver for a moment.
The orc priest mumbles some strange prayers to Beogh against you.
Beogh smites you! The lemure attacks as it pursues you!
You block the lemure's attack.
You take 14 damage, and have 22/47 hp.
MASSIVE DAMAGE!!
The orc priest mumbles some strange prayers to Beogh against you.
Beogh smites you!
* * * LOW HITPOINT WARNING * * *
The lemure attacks as it pursues you! The lemure closely misses you.
You take 12 damage, and have 10/47 hp.
MASSIVE DAMAGE!!
The lemure attacks as it pursues you! The lemure hits you but does no damage.
The lemure attacks as it pursues you! The lemure hits you but does no damage.
The orc priest mumbles some strange prayers to Beogh against you.
Beogh smites you!
* * * LOW HITPOINT WARNING * * *
The lemure attacks as it pursues you! The lemure hits you!
You die...

####### #.########
#...o.# #.........
#.###o# #.########
#.# #.# #.# #. #.#
#.# #.# #####. #.#
#.# ##'###..... #o#
#.# #......##.. #.#
#5#######......#...
#o#
#.@.)..........#..#
#o#
##############.####
o5. ....... .5...
######+## K.5...#
#........ .5.....#
#........ .o......+
#........
.........#
#........ ######'##


You could see a lemure and 2 orc priests.

Vanquished Creatures
  A hound (D:6)
  An orc priest (D:4)
  An iguana (D:6)
  An orc wizard (D:4)
  4 adders
  2 ribbon worms (D:2)
  2 dart slugs (D:1)
  4 orcs (D:4)
  5 ball pythons
  3 bats (D:1)
  3 endoplasms
  A giant cockroach (D:2)
  6 goblins
  4 hobgoblins
  3 kobolds (D:1)
  3 quokkas (D:1)
  2 frilled lizards (D:1)
  5 rats
51 creatures vanquished.

Notes
Turn   | Place    | Note
-------+----------+-------------------------------------------
     0 | D:1      | jasper the Mountain Dwarf Brigand began the quest for the
                  | Orb.
     0 | D:1      | Reached XP level 1. HP: 17/17 MP: 1/1
   101 | D:1      | Reached skill level 1 in Armour
   101 | D:1      | Reached XP level 2. HP: 25/25 MP: 2/2
   520 | D:1      | Reached skill level 3 in Fighting
   889 | D:1      | Found a faded altar of an unknown god.
   901 | D:1      | Prayed at the altar of an unknown god.
   901 | D:1      | Became a worshipper of the Wu Jian Council
   901 | D:1      | Reached * piety under Wu Jian
   931 | D:1      | Reached XP level 3. HP: 31/31 MP: 3/3
  1325 | D:2      | Reached skill level 1 in Unarmed Combat
  1991 | D:3      | Found an opulent altar of Gozag.
  2044 | D:3      | Reached XP level 4. HP: 38/38 MP: 4/4
  2237 | D:3      | You fall into a shaft and drop 3 floors!
  2244 | D:6      | Reached ** piety under Wu Jian
  2274 | D:6      | Reached skill level 4 in Fighting
  2274 | D:6      | Reached XP level 5. HP: 39/46 MP: 5/5
  2299 | D:5      | Entered Level 5 of the Dungeon
  2310 | D:5      | Noticed a phantom
  2699 | D:4      | Noticed Grinder
  2699 | D:4      | Noticed a lemure
  2699 | D:4      | Noticed a lemure
  2699 | D:4      | Noticed Pikel
  2714 | D:4      | Noticed a lemure
  2727 | D:4      | HP: 2/47 [orc priest/divine providence (11)]
  2727 | D:4      | Slain by a lemure

Illustrated notes

Levels and vault maps discovered:
D:1:      dpeg_arrival_rooms_b, layout_loops_corners,
          ebering_ecumenical_altar_ruins
D:2:      layout_loops_ring
D:3:      layout_basic, nicolae_gozag_seed_capital, uniq_jessica, uniq_robin
D:4:      layout_basic, minmay_temple_entry_overgrown, gammafunk_ghost_grave,
          uniq_grinder, uniq_natasha, uniq_pikel
D:5:      layout_basic, kennysheep_generic_room_8
D:6:      layout_loops_ring, mainiacjoe_overflow_boulevard,
          yredelemnul_forgotten_temple_becter, minmay_between

Skill      XL: |  1  2  3  4  5 |
---------------+----------------+-----
Armour         | 1 2 |  2.0
Fighting       | 3 4 |  4.3
Unarmed Combat | 1 2 3 |  3.5
Short Blades   | |  1.5
Throwing       | |  1.5
Dodging        | |  0.6
Stealth        | |  2.9

Action                     |  1- 3 |  4- 6 || total
---------------------------+-------+-------++-------
  Melee: Dagger            |   110 |    56 ||   166
  Throw: Dart              |    25 |    15 ||    40
Ability: Lunge             |     5 |     3 ||     8
         Whirlwind         |     1 |     1 ||     2
    Use: Scroll            |     3 |     8 ||    11
         Potion            |       |     1 ||     1
   Stab: Sleeping          |     2 |       ||     2
 Armour: Robe              |    18 |       ||    18
         Leather armour    |    37 |     3 ||    40
         Scale mail        |       |    37 ||    37
  Dodge: Dodged            |    48 |    14 ||    62
  Block: Other             |     9 |     7 ||    16

Table legend: (Time is in decaauts)
 A = Elapsed time spent in this place.
 B = Non-inter-level travel time spent in this place.
 C = Inter-level travel time spent in this place.
 D = Time resting spent in this place.
 E = Time spent auto-exploring this place.
 F = Levels seen in this place.
 G = Mean time per level.
                   A        B        C        D        E       F      G
               +--------+--------+--------+--------+--------+-----+--------+
         Total |   2711 |   2620 |     91 |     20 |   2039 |   6 |  451.8 |
       Dungeon |   2711 |   2620 |     91 |     20 |   2039 |   6 |  451.8 |
               +--------+--------+--------+--------+--------+-----+--------+

Top non-repeatable levels by time:
     D:1: 1116 daAuts
     D:2: 865 daAuts
     D:4: 410 daAuts
     D:3: 244 daAuts
     D:6: 60 daAuts
     D:5: 14 daAuts
